 Seeded DCSS version 0.25-a0-413-g3b4b6a4 (webtiles) character file.

Game seed: 1261219637004542875, levelgen mode: deterministic

382 DrEnzyme the Vandal (level 7, -5/50 HPs)
             Began as a Formicid Wanderer on Jan 15, 2020.
             Killed by divine providence
             ... invoked by an orc priest
              (11 damage)
             ... on level 4 of the Dungeon.
             The game lasted 00:13:10 (4089 turns).

DrEnzyme the Vandal (Formicid Wanderer)             Turns: 4089, Time: 00:13:10

Health: -5/50      AC:  7    Str: 25    XL:     7   Next: 5%
Magic:  7/7        EV: 10    Int: 10    God:
Gold:   174        SH:  0    Dex: 11    Spells: 6/6 levels left

rFire    . . .     SeeInvis +   b - +5 hunting sling
rCold    . . .     Gourm    .   (no shield)
rNeg     . . .     Faith    .   u - +0 ring mail
rPois    .         Spirit   .   (helmet unavailable)
rElec    .         Reflect  .   s - +0 cloak
rCorr    .         Harm     .   (no gloves)
MR       .....                  n - +0 pair of boots
Stlth    +.........             (no amulet)
HPRegen  0.16/turn              B - +6 ring of strength
MPRegen  0.10/turn              (no ring)

@: no status effects
A: permanent stasis, dig shafts and tunnels, four strong arms, antennae 3
a: Dig, Shaft Self


You were on level 4 of the Dungeon.
You were not hungry.

You visited 1 branch of the dungeon, and saw 4 of its levels.

You collected 174 gold pieces.

Inventory:

Hand Weapons
 a - a +2 quarterstaff
 b - a +5 hunting sling (weapon)
 y - a +0 hand axe of flaming
Missiles
 l - 98 stones (quivered)
 E - a throwing net
Armour
 d - a +0 robe
 j - a +0 leather armour
 n - a +0 pair of boots (worn)
 s - a +0 cloak (worn)
 u - a +0 ring mail (worn)
 w - a cursed +0 robe
Jewellery
 B - a +6 ring of strength (left hand)
Wands
 r - a wand of random effects (17)
Scrolls
 e - a scroll of enchant weapon
 g - a scroll of noise
 i - a scroll of identify
 p - a scroll of remove curse
 v - a scroll of magic mapping
Potions
 c - a potion of curing
 k - a potion of resistance {unknown}
 m - 2 potions of heal wounds
 o - a potion of berserk rage {unknown}
 t - 2 potions of might
 x - a potion of haste {unknown}
 z - a potion of degeneration {unknown}
 A - a potion of magic {unknown}
 C - a potion of invisibility {unknown}
 D - a potion of flight {unknown}
Comestibles
 f - 7 rations


   Skills:
 - Level 2.1 Fighting
 - Level 4.3 Staves
 * Level 5.8 Slings
 * Level 2.4 Armour
 * Level 3.1 Stealth
   Level 1.2 Shields
 - Level 1.0 Unarmed Combat
 - Level 1.1 Evocations


You had 6 spell levels left.
You didn't know any spells.
Your spell library was empty.

Dungeon Overview and Level Annotations

Branches:
Dungeon (4/15)
 Temple: D:4-7

Altars:
Ashenzari
Cheibriados
Dithmenos
Nemelex Xobeh
Trog
Uskayaw

Annotations:
D:2 exclusion: door
D:3 exclusion: downstairs
D:4 exclusion: door, Grinder


Innate Abilities, Weirdness & Mutations

You cannot be hasted, slowed, berserked, paralysed or teleported.
You can dig through walls and to a lower floor.
Your four strong arms can wield two-handed weapons with a shield.
You have a pair of large antennae on your head. (SInv)


Message History

You shoot a stone.
The stone closely misses the orc priest. x3
The stone hits the orc priest.
The orc priest is lightly wounded.
The orc priest closely misses you.
The orc wizard looks encouraged for a moment.
The orc priest calls down the wrath of Beogh upon you.
Pain shoots through your body!
* * * LOW HITPOINT WARNING * * *
The orc priest miscasts a cantrip.
The orc priest begins to cast a cantrip, but forgets the words!
The orc priest calls upon Beogh to heal the orc priest.
The orc priest is healed somewhat.
The orc priest mumbles some strange prayers to Beogh against you.
Beogh smites you!
* * * LOW HITPOINT WARNING * * *
The orc priest looks braver for a moment.
The orc priest invokes the aid of Beogh against you.
Beogh smites you!
You die...

.....###...#.........# ##.......
**#...##...#.........# ##........
,,+...†............#####.........
**#...###.#.....##.##............
* #...# #†#.###..................
* #...#*#)#.# #.###.#............
**###..,#.#.# #.# #..............
,,,.....#5#o###.###..............
,,...(..'ooooo..@................
,,......#.#####.###..............
,,...(..#.....o.........).......<
,,.....,#######.#.###............
,,.....,* #.#.# #.)..........
,,....,,* #.#.# #.#..........
,,.?.#**#######.#.# #.#..........
,,,,,* #.....#.#.# #.#.#........
****** #.###.#.#.# #...##.......


You could see Grinder (inner flame), 5 orc priests and 2 orc wizards.

Vanquished Creatures
  A big kobold (D:4)
  A hound (D:3)
  An orc priest (D:4)
  A bullfrog skeleton (D:4)
  A centaur skeleton (D:4)
  2 orc wizards (D:4)
  A hound skeleton (D:3)
  4 adders
  2 oozes
  A worm (D:3)
  3 dart slugs
  2 leopard geckos
  8 orcs
  7 bats
  2 giant cockroaches
  3 goblins
  4 hobgoblins
  7 jackals (D:3)
  9 kobolds
  2 quokkas
  2 ball pythons
  3 frilled lizards
  A quokka skeleton (D:4)
  8 rats
76 creatures vanquished.

Notes
Turn   | Place    | Note
-------+----------+-------------------------------------------
     0 | D:1      | DrEnzyme the Formicid Wanderer began the quest for the Orb.
     0 | D:1      | DrEnzyme set off with the following items: a +2
                  | quarterstaff, a potion of lignification, a potion of
                  | curing, a +0 robe, a ration
     0 | D:1      | Reached XP level 1. HP: 16/16 MP: 1/1
   284 | D:1      | Found a shattered altar of Ashenzari.
   319 | D:1      | Reached XP level 2. HP: 22/22 MP: 2/2
   887 | D:1      | Reached skill level 1 in Slings
  1196 | D:2      | Reached XP level 3. HP: 27/27 MP: 3/3
  1310 | D:2      | Reached skill level 1 in Armour
  1650 | D:2      | Found a hide-covered altar of Uskayaw.
  1660 | D:2      | Reached skill level 2 in Slings
  1847 | D:2      | Reached XP level 4. HP: 29/33 MP: 4/4
  2397 | D:3      | Reached skill level 3 in Slings
  2441 | D:3      | Found a sparkling altar of Nemelex Xobeh.
  2477 | D:3      | Reached XP level 5. HP: 35/38 MP: 5/5
  2746 | D:3      | Found a shadowy altar of Dithmenos.
  2746 | D:3      | Found a bloodstained altar of Trog.
  2809 | D:3      | Reached skill level 4 in Slings
  2818 | D:3      | Found a snail-covered altar of Cheibriados.
  3019 | D:4      | Noticed a big kobold
  3336 | D:4      | Killed a big kobold
  3336 | D:4      | Reached skill level 5 in Slings
  3336 | D:4      | Reached XP level 6. HP: 43/44 MP: 6/6
  3966 | D:4      | Reached XP level 7. HP: 38/50 MP: 7/7
  4072 | D:4      | Noticed Grinder
  4089 | D:4      | Killed from afar by an orc priest

Levels and vault maps discovered:
D:1:      onia_arrival_mini_spirals, layout_loops_cross,
          nicolae_ashenzari_panopticon
D:2:      layout_loops_cross, old_standard_altar, minivault_27,
          okawaru_altar_gauntlet_db
D:3:      layout_basic, old_standard_altar, nemelex_altar_shiori,
          gammafunk_temple_overflow_wave
D:4:      layout_basic, first_ration, uniq_grinder

Skill      XL: |  1  2  3  4  5  6 |
---------------+-------------------+-----
Slings         | 1 2 3 5 |  5.8
Armour         | 1 2 |  2.4
Stealth        | 2 3 |  3.1
Fighting       | |  2.1
Staves         | |  4.3
Shields        | |  1.2
Unarmed Combat | |  1.0
Evocations     | |  1.1

Action                   |  1- 3 |  4- 6 |  7- 9 || total
-------------------------+-------+-------+-------++-------
Melee: Quarterstaff      |    20 |     1 |       ||    21
 Fire: Hunting sling     |    51 |   129 |     8 ||   188
Throw: Stone             |     2 |       |       ||     2
 Abil: Dig               |     3 |       |       ||     3
  Use: Scroll            |     2 |     3 |     5 ||    10
       Potion            |     2 |       |     1 ||     3
  Eat: Chunk             |     4 |     7 |       ||    11
Armor: Robe              |     7 |       |       ||     7
       Ring mail         |     1 |    32 |     5 ||    38
       Skin              |     1 |       |       ||     1
Dodge: Dodged            |    11 |    26 |     1 ||    38

Table legend:
 A = Non-vault XP
 B = Vault XP
 C = Vault XP percentage of total XP
 D = Non-vault monster count
 E = Vault monster count
 F = Vault count percentage of total count
                 A         B        C        D         E       F
            +---------+---------+-------+---------+---------+-------
      Total |     547 |       0 |   0.0 |      76 |       0 |   0.0
            +---------+---------+-------+---------+---------+-------
        D:1 |      25 |       0 |   0.0 |      12 |       0 |   0.0
        D:2 |      49 |       0 |   0.0 |      14 |       0 |   0.0
        D:3 |     165 |       0 |   0.0 |      39 |       0 |   0.0
        D:4 |     308 |       0 |   0.0 |      11 |       0 |   0.0
            +---------+---------+-------+---------+---------+-------
